 Dungeon Crawl Stone Soup version 0.17-a0-854-g4a4ba72 (webtiles) character file.

5 FedoraBrony69 the Skirmisher (level 1, 3/20 HPs)
             Began as a Minotaur Berserker on Apr 28, 2015.
             Was a Follower of Trog.
             Quit the game on level 1 of the Dungeon.
             The game lasted 00:00:41 (239 turns).

FedoraBrony69 the Skirmisher (Minotaur Berserker)    Turns: 239, Time: 00:00:41

Health: 3/20       AC:  2    Str: 21    XL:     1   Next: 66%
Magic:  0/0        EV: 12    Int:  4    God:    Trog [*.....]
Gold:   16         SH:  0    Dex:  9    Spells: 0 memorised, 0 levels left

rFire  . . .     SeeInvis .     a - +0 mace
rCold  . . .     Clarity  .     b - +0 animal skin
rNeg   . . .     SustAb   .     (no shield)
rPois  .         Gourm    .     (helmet restricted)
rElec  .         Spirit   .     (no cloak)
rCorr  .         Warding  .     (no gloves)
rMut   .         Stasis   .     (no boots)
MR     .....                    h - amulet of inaccuracy (curse)
Stlth  ..........               (no ring)
                                i - ring of loudness (curse)

@: not resistant to hostile enchantments, extremely unstealthy
A: retaliatory headbutt, horns 2
a: Burn Spellbooks, Berserk, Renounce Religion


You were on level 1 of the Dungeon.
You worshipped Trog.
Trog was aware of your devotion.
You were not hungry.

You visited 1 branch of the dungeon, and saw 1 of its levels.

You collected 16 gold pieces.

Inventory:

Hand weapons
 a - a +0 mace (weapon)
Armour
 b - a +0 animal skin (worn)
Jewellery
 h - a cursed amulet of inaccuracy (around neck)
 i - a cursed ring of loudness (left hand)
Scrolls
 d - a scroll of identify {unknown}
 j - a scroll of amnesia {unknown}
Potions
 e - a potion of curing {unknown}
Comestibles
 c - a bread ration
 f - a beef jerky
 g - a meat ration


   Skills:
 + Level 3.9 Fighting
 + Level 3.9 Maces & Flails
 - Level 2.4 Armour
 - Level 2.1 Dodging


You couldn't memorise any spells.
You didn't know any spells.

Dungeon Overview and Level Annotations

Branches:
Dungeon (1/15)

Altars:


Innate Abilities, Weirdness & Mutations

You reflexively headbutt those who attack you in melee.
You have a pair of horns on your head.


Message History

You are too injured to fight recklessly!
You hit the hobgoblin. You headbutt the hobgoblin.
The hobgoblin is heavily wounded.
The hobgoblin misses you.
You hit the hobgoblin.
The hobgoblin is almost dead.
The hobgoblin hits you with a club.
* * * LOW HITPOINT WARNING * * *
You sock the hobgoblin!
You kill the hobgoblin!
Trog accepts your kill.
You see here a club.
You see here a club.
Put on which piece of jewellery? (? for menu, Esc to quit)
Oops, that amulet feels deathly cold.
h - a cursed amulet of inaccuracy (around neck) Put on which piece of jewellery? (? for menu, Esc to quit)
Oops, that ring feels deathly cold.
i - a cursed ring of loudness (left hand) Are you sure you want to abandon this character and quit the game? (Confirm with "yes".)

..# #.. ..# #########
...#.........#
...#.........#
....#.........#
.(#.........#
'#.........########+##
..........)...........#
.........@............#
...########...........#
#...........#
#...........#
#...........####
#...............
#..........(####
#...........#
#...........#


There were no monsters in sight!

Vanquished Creatures
  A bat (D:1)
  2 goblins (D:1)
  A hobgoblin (D:1)
  A rat (D:1)
5 creatures vanquished.

Vanquished Creatures (others)
  2 minotaurs (D:1)
  A draconian (D:1)
  An elf (D:1)
  A vine stalker (D:1)
  A troll (D:1)
  A formicid (D:1)
  A human (D:1)
  A vampire (D:1)
  A naga (D:1)
  2 dwarves (D:1)
  2 centaurs (D:1)
  An orc (D:1)
  4 tentacles (D:1)
  124 tentacle segments (D:1)
143 creatures vanquished.

Grand Total: 148 creatures vanquished

Notes
Turn   | Place    | Note
--------------------------------------------------------------
     0 | D:1      | FedoraBrony69, the Minotaur Berserker, began the quest for the Orb.
     0 | D:1      | Reached XP level 1. HP: 19/19 MP: 0/0
     2 | D:1      | Noticed a minotaur
     2 | D:1      | Noticed a dwarf
     2 | D:1      | Noticed a naga
     2 | D:1      | Noticed a troll
     2 | D:1      | Noticed a draconian
     2 | D:1      | Noticed a vampire
     2 | D:1      | Noticed a minotaur
     2 | D:1      | Noticed a kraken
     2 | D:1      | Noticed a formicid
     2 | D:1      | Noticed a dwarf
     2 | D:1      | Noticed a centaur
     2 | D:1      | Noticed a vine stalker
     2 | D:1      | Noticed a centaur
     2 | D:1      | Noticed a human
     2 | D:1      | Noticed an elf
     4 | D:1      | Killed a minotaur
     4 | D:1      | Killed a dwarf
     4 | D:1      | Killed a naga
     6 | D:1      | Killed a vampire
     7 | D:1      | Killed a dwarf
     8 | D:1      | Killed a minotaur
     8 | D:1      | Killed a draconian
     9 | D:1      | Killed a centaur
    10 | D:1      | Killed a centaur
    10 | D:1      | Killed an elf
    10 | D:1      | Killed a troll
    11 | D:1      | Killed a human
    12 | D:1      | Killed a formicid
    13 | D:1      | Killed a vine stalker
   239 | D:1      | Quit the game

Action                   || total
-------------------------++-------
Melee: Mace              ||    14
